 Dungeon Crawl Stone Soup version 0.29.0-11-gd7f09526c8 (webtiles) character file.

Game seed: 4611547832011880942

7968 unlimited1921 the Thaumaturge (level 11, -8/69 HPs)
             Began as a Djinni Fire Elementalist on Sept 2, 2022.
             Was an Initiate of Gozag.
             Mangled by a komodo dragon (24 damage)
             ... on level 10 of the Dungeon.
             The game lasted 00:52:07 (17492 turns).

unlimited1921 the Thaumaturge (DjFE)               Turns: 17492, Time: 00:52:08

Health: -8/69      AC: 13    Str:  7    XL:     11   Next: 47%
Gold:   952        EV: 10    Int: 25    God:    Gozag SH:  9 Dex: 16

rFire   + + .      SeeInvis .   m - +3 dagger (venom)
rCold   x . .      Faith    .   p - +0 buckler
rNeg    . . .      Spirit   .   t - +4 ring mail "Ilerul" {*Slow Int+4 Dex+2}
rPois   ∞          Reflect  +   x - +0 helmet
rElec   .          Harm     .   A - +0 cloak {Will+}
rCorr   .          Rampage  .   (no gloves)
Will    ++...                   (boots unavailable)
Stlth   ++........              w - amulet of reflection
HPRegen 0.21/turn               (no ring)
MPRegen 0.00/turn               (no ring)

@: about to teleport, flying
A: sickness immunity, fire resistance 2, cold vulnerability 1, float, innate
caster, HP casting, extra vitality 1
a: Renounce Religion, Potion Petition, Call Merchant, Bribe Branch


You were on level 10 of the Dungeon.
You worshipped Gozag.
Gozag was pleased with you.
You visited 2 branches of the dungeon, and saw 12 of its levels.

You collected 1057 gold pieces.
You paid 105 gold pieces to Gozag.

Inventory:

Hand Weapons
 a - a +2 vampiric scimitar
 d - a +5 trident
 m - a +3 dagger of venom (weapon)
 n - a +1 long sword of protection
 q - a +0 war axe
 Q - a +3 scimitar of flaming
 S - a +1 mace of protection
 T - a +4 morningstar
 U - a +4 short sword
 Y - a +4 halberd
 Z - a +1 long sword of freezing
Missiles
 b - 88 stones
 i - 10 poisoned darts
 L - 2 throwing nets
 X - 2 boomerangs
Armour
 p - a +0 buckler (worn)
 t - the +4 ring mail "Ilerul" (worn) {*Slow Int+4 Dex+2}
   (You found it on level 3 of the Dungeon)

   Int:       It affects your intelligence (+4).
   Dex:       It affects your dexterity (+2).
   *Slow:     It may slow you when you take damage.
 x - a +0 helmet (worn)
 A - a +0 cloak of willpower (worn)
 R - +0 swamp dragon scales
Jewellery
 w - an amulet of reflection (around neck)
Wands
 j - a wand of iceblast (13)
 y - a wand of polymorph (10)
 z - a wand of charming (21) (quivered)
 J - a wand of flame (39)
Scrolls
 c - 3 scrolls of blinking {unknown}
 h - 2 scrolls of magic mapping
 k - 3 scrolls of silence {unknown}
 o - 2 scrolls of enchant weapon
 r - 5 scrolls of teleportation
 s - 2 scrolls of summoning
 C - a scroll of acquirement {unknown}
 D - a scroll of amnesia
 E - 3 scrolls of poison
 G - 3 scrolls of vulnerability {unknown}
 H - 4 scrolls of identify
 P - a scroll of brand weapon {unknown}
Potions
 e - 2 potions of heal wounds
 f - 4 potions of curing
 g - 2 potions of lignification
 l - 2 potions of mutation {unknown}
 u - 4 potions of attraction {unknown}
 v - a potion of haste
 F - 2 potions of ambrosia {unknown}
 I - 4 potions of berserk rage {unknown}
 K - 2 potions of flight {unknown}
 M - a potion of brilliance
 N - 2 potions of might
 O - a potion of magic {unknown}
 V - a potion of resistance {unknown}


   Skills:
 + Level 2.3 Fighting
 + Level 1.3 Long Blades
 + Level 1.2 Axes
 + Level 6.3 Armour
 + Level 3.1 Dodging
 + Level 3.9 Stealth
 + Level 0.8 Shields
 + Level 11.6 Spellcasting


You had 6 spell levels left.
You knew the following spells:

 Your Spells              Type           Power      Damage    Failure   Level
a - Foxfire               Conj/Fire      100%       2x1d9     1%          1
b - Scorch                Fire           100%       2d10      1%          2
c - Conjure Flame         Conj/Fire      64%        6-21      1%          3
d - Inner Flame           Hex/Fire       64%        N/A       1%          3
e - Flame Wave            Conj/Fire      64%        2d15      1%          4
f - Beastly Appendage     Tmut           100%       N/A       1%          1
g - Searing Ray           Conj           100%       2d8       1%          2
h - Confusing Touch       Hex            64%        N/A       1%          3
i - Gell's Gravitas       Tloc           64%        N/A       1%          3
j - Manifold Assault      Tloc           64%        N/A       4%          5
Your spell library was empty.

Dungeon Overview and Level Annotations

Branches:
Dungeon (11/15)            Temple (1/1) D:6            Lair (0/5) D:9
    Orc (0/2) D:9

Altars:
Ashenzari
Cheibriados
Dithmenos
Elyvilon
Fedhas
Gozag
Hepliaklqana
Makhleb
Nemelex Xobeh
Okawaru
Qazlal
Ru
Trog
Uskayaw
Wu Jian
Xom
Yredelemnul
Zin
The Shining One

Shops:
D:1 (   D:3 :   D:5 [


Innate Abilities, Weirdness & Mutations

You are immune to sickness and miasma.
You are immune to poison.
Your flesh is very heat resistant. (rF++)
You are vulnerable to cold. (rC-)
You float through the air rather than walking.
You learn spells naturally, not from books.
Your magical power is your life essence.
You have superior vitality. (+4 MHP)


Message History

The killer bee stings you.
The killer bee stings you but does no damage.
The komodo dragon bites you!!
Aiming: Charm
Press: ? - help, Q - select action, (/) - cycle Shift-Dir - straight line, f/p - komodo dragon
Aim: a komodo dragon (chance to affect: 31%)
The komodo dragon easily resists.
You block the killer bee's attack.
The killer bee stings you but does no damage.
The komodo dragon bites you!!
* * * LOW HITPOINT WARNING * * *
You feel much better.
The killer bee stings you but does no damage.
You block the killer bee's attack. The komodo dragon bites you!
* * * LOW HITPOINT WARNING * * *
You feel much better. The killer bee misses you.
The killer bee stings you but does no damage.
The komodo dragon bites you but does no damage.
As you read the scroll of teleportation, it crumbles to dust.
You feel strangely unstable. The killer bee completely misses you.
The killer bee barely misses you. The komodo dragon bites you!
Casting: Foxfire (safe; 1% risk of failure)
Confirm with . or Enter, or press ? or * to list all spells.
Casting: Flame Wave (dangerous; 1% risk of failure)
Press: ? - help, Dir - look around, f - activate A wave of flame ripples out!
The flame wave engulfs the komodo dragon.
The komodo dragon is lightly wounded.
The flame wave engulfs the killer bee!
The killer bee is severely wounded. (Press . to intensify the flame waves.)
You block the killer bee's attack.
The killer bee stings you but does no damage.
The komodo dragon bites you!
* * * LOW HITPOINT WARNING * * *
You feel better. You block the killer bee's attack.
The killer bee stings you but does no damage.
The komodo dragon bites you!!
You die...
Your body crumbles into a pile of gold.

##########...##.
#.#≈≈≈≈# #.#.##.
#.'.8.≈###.#....
#.#≈.8.'......##
#.#≈≈≈≈##.......
#.#######...####
#....###..### #
###........## #
#@ly...##### # #y######
#y####### #.......#
#.#####.# #.# #...#
#######.###.########
#..................#
#.#####.####.......#####


You could see a komodo dragon and 3 killer bees.

Vanquished Creatures
  A boulder beetle (D:10)
  Maurice (D:8)
  Joseph (D:7)
  Maggie (D:7)
  A komodo dragon (D:10)
  Psyche (D:8)
  A hornet (D:10)
  Sigmund (D:4)
  A wraith (D:9)
  A wyvern (D:10)
  A yak (D:10)
  2 vampire mosquitoes (D:6)
  An acid dragon (D:10)
  Duvessa (D:4)
  3 ice beasts (D:6)
  4 orc warriors
  A sky beast (D:7)
  2 black bears
  3 ogres
  3 centaurs
  2 phantoms
  3 necrophages
  2 bullfrogs
  2 scorpions
  17 wights
  Dowan (D:4)
  6 killer bees (D:9)
  3 howler monkeys
  5 hounds
  4 jellies
  9 orc priests
  5 iguanas
  Ijyb (D:4)
  Jessica (D:2)
  11 orc wizards
  A statue (D:3)
  15 gnolls
  7 adders
  A white imp (D:8)
  2 ufetubi
  5 dart slugs
  4 worms
  24 orcs
  6 endoplasms
  3 giant cockroaches
  8 goblins
  6 hobgoblins
  7 jackals
  5 quokkas
  8 ball pythons
  2 bats
  2 frilled lizards
  5 kobolds
  7 rats
221 creatures vanquished.

Vanquished Creatures (others)
  614 foxfires
  9 plants (D:6)
623 creatures vanquished.

Grand Total: 844 creatures vanquished

Notes
Turn   | Place    | Note
-------+----------+-------------------------------------------
     0 | D:1      | unlimited1921 the Djinni Fire Elementalist began the quest
                  | for the Orb.
     0 | D:1      | unlimited1921 set off with the following spells memorised:
                  | Foxfire, Scorch, Conjure Flame, Inner Flame, Flame Wave.
     0 | D:1      | Reached XP level 1. HP: 15/15 MP: 0/0
   285 | D:1      | Found Wofuir's Weapon Boutique.
   367 | D:1      | Reached XP level 2. HP: 13/21 MP: 0/0
  1393 | D:1      | Reached skill level 3 in Spellcasting
  1685 | D:1      | Reached XP level 3. HP: 15/25 MP: 0/0
  1685 | D:1      | Learned a level 1 spell: Beastly Appendage
  2190 | D:2      | Found a faded altar of an unknown god.
  2672 | D:2      | Noticed Jessica
  2677 | D:2      | Killed Jessica
  2678 | D:2      | Reached XP level 4. HP: 17/31 MP: 0/0
  3205 | D:3      | Found Mysmuha's Vocational Training.
  3777 | D:3      | Noticed a centaur
  3783 | D:3      | Killed a centaur
  3784 | D:3      | Reached skill level 4 in Spellcasting
  3784 | D:3      | Reached XP level 5. HP: 16/35 MP: 0/0
  3784 | D:3      | Learned a level 2 spell: Searing Ray
  4065 | D:3      | Identified the +4 ring mail "Ilerul" {*Slow Int+4 Dex+2}
  4162 | D:3      | Noticed a phantom
  4166 | D:3      | Killed a phantom
  4167 | D:3      | Reached XP level 6. HP: 35/41 MP: 0/0
  5685 | D:3      | Found a sparkling altar of Nemelex Xobeh.
  6326 | D:4      | Noticed Sigmund
  6330 | D:4      | Killed Sigmund
  6331 | D:4      | Reached skill level 5 in Spellcasting
  6331 | D:4      | Reached XP level 7. HP: 37/46 MP: 0/0
  6331 | D:4      | Learned a level 3 spell: Confusing Touch
  6450 | D:4      | Reached skill level 1 in Fighting
  6507 | D:4      | Reached skill level 1 in Axes
  6522 | D:4      | Reached skill level 1 in Armour
  6972 | D:4      | Found a broken altar of Ashenzari.
  6975 | D:4      | Noticed Ijyb
  6982 | D:4      | Killed Ijyb
  7121 | D:4      | Noticed Dowan
  7122 | D:4      | Noticed Duvessa
  7123 | D:4      | Killed Dowan
  7124 | D:4      | Reached skill level 6 in Spellcasting
  7124 | D:4      | Reached XP level 8. HP: 48/52 MP: 0/0
  7125 | D:4      | Killed Duvessa
  8012 | D:5      | Entered Level 5 of the Dungeon
  8012 | D:5      | Found Ygekkoe's Armour Emporium.
  8355 | D:5      | Reached skill level 7 in Spellcasting
  9227 | D:6      | Reached XP level 9. HP: 49/57 MP: 0/0
  9227 | D:6      | Learned a level 3 spell: Gell's Gravitas
  9252 | D:6      | Reached skill level 8 in Spellcasting
  9855 | D:6      | Found a shimmering altar of Xom.
  9857 | D:6      | Found a hide-covered altar of Uskayaw.
  9858 | D:6      | Found an ornate altar of the Wu Jian Council.
  9858 | D:6      | Found a blossoming altar of Fedhas.
  9859 | D:6      | Found a shadowy altar of Dithmenos.
 10062 | D:6      | Found a staircase to the Ecumenical Temple.
 10231 | Temple   | Entered the Ecumenical Temple
 10231 | Temple   | Found a transporter.
 10231 | Temple   | Found a transporter.
 10234 | Temple   | Found a transporter.
 10234 | Temple   | Found a transporter.
 10244 | Temple   | Became a worshipper of Gozag Ym Sagoz the Greedy
 10707 | D:7      | Noticed Joseph
 10718 | D:7      | Killed Joseph
 10719 | D:7      | Reached skill level 9 in Spellcasting
 10719 | D:7      | Reached XP level 10. HP: 11/64 MP: 0/0
 11071 | D:7      | Noticed Maggie
 11901 | D:7      | Killed Maggie
 11902 | D:7      | Reached skill level 5 in Armour
 12353 | D:8      | Noticed Maurice
 12357 | D:8      | Killed Maurice
 12855 | D:8      | Reached skill level 1 in Long Blades
 13554 | D:8      | Noticed Psyche
 13558 | D:8      | Killed Psyche
 13559 | D:8      | Reached skill level 10 in Spellcasting
 14095 | D:9      | Found a burning altar of Makhleb.
 14765 | D:9      | Reached XP level 11. HP: 59/68 MP: 0/0
 14765 | D:9      | Learned a level 5 spell: Manifold Assault
 14899 | D:9      | Found a glowing golden altar of the Shining One.
 14907 | D:9      | Found the +9 staff of Wucad Mu {*channel}
 15183 | D:9      | Found a staircase to the Orcish Mines.
 15256 | D:9      | Found a staircase to the Lair.
 15311 | D:10     | Entered Level 10 of the Dungeon
 16111 | D:10     | Reached skill level 11 in Spellcasting
 16463 | D:10     | Noticed a boulder beetle
 16480 | D:10     | Killed a boulder beetle
 17487 | D:10     | HP: 2/69 [komodo dragon (26)]
 17492 | D:10     | Mangled by a komodo dragon

Illustrated notes

Levels and vault maps discovered:
D:1:      dpeg_arrival_windows_large_door, layout_basic, serial_shops,
          shop_fountains
D:2:      layout_basic, basic_ecumenical_altar, uniq_jessica
D:3:      minmay_general_purpose_star, layout_loops_ring,
          nicolae_overflow_hidden_temple, vehumet_statue,
          chequers_serial_rivers_large_a, chequers_serial_rivers_micro_e,
          nicolae_shop_vocational
D:4:      layout_loops_ring, evilmike_ruin_ashenzari,
          dreamdust_princess_corridor, minmay_starry_boxes, uniq_duvessa,
          uniq_sigmund, uniq_ijyb
D:5:      layout_loops_ring, serial_shops, shop
D:6:      layout_cave_pools, grunt_temple_overflow_open,
          minmay_temple_entry_overgrown, grunt_ministairs_6
D:7:      layout_cave_pods, minmay_misc_feat_x, grunt_ogre_cave,
          kennysheep_path_1, uniq_joseph, uniq_maggie
D:8:      layout_basic, uniq_psyche, uniq_maurice
D:9:      layout_irregular_city, mainiacjoe_overflow_alcove_2, bloody_makhleb,
          lair_entry_dummy
D:10:     layout_basic, kennysheep_generic_room_14
D:11:     layout_basic, chequers_serial_rivers_small_3,
          hangedman_decor_diamond_cutter, nicolae_island_escapes
Temple:   hellmonk_temple_divided_pantheon

Skill      XL: |  1  2  3  4  5  6  7  8  9 10 11 |
---------------+----------------------------------+-----
Spellcasting   | 3 4 5 6 7 9 10 11 | 11.6
Stealth        | 2 3 |  3.9
Fighting       | 1 2 |  2.3
Axes           | 1 |  1.2
Armour         | 1 2 4 5 6 |  6.3
Dodging        | 3 |  3.1
Long Blades    | 1 |  1.3
Shields        | |  0.8

Action                   |  1- 3 |  4- 6 |  7- 9 | 10-12 || total
-------------------------+-------+-------+-------+-------++-------
Melee: Dagger            |     2 |       |       |    14 ||    16
       War axe           |       |    17 |       |       ||    17
       Punch             |       |     1 |     1 |       ||     2
       Long sword        |       |       |    11 |     6 ||    17
 Cast: Foxfire           |    58 |    81 |   134 |   105 ||   378
       Scorch            |     8 |    31 |    36 |    59 ||   134
       Inner Flame       |       |     8 |    27 |    45 ||    80
       Confusing Touch   |       |       |     1 |       ||     1
       Gell's Gravitas   |       |       |       |     1 ||     1
       Manifold Assault  |       |       |       |    10 ||    10
       Flame Wave        |       |       |       |     1 ||     1
Evoke: Wand              |       |       |       |     2 ||     2
  Use: Scroll            |       |       |     9 |     1 ||    10
       Potion            |       |       |     3 |     3 ||     6
Armor: Robe              |     1 |     1 |       |       ||     2
       Ring mail         |       |       |     9 |    20 ||    29
Dodge: Dodged            |     7 |    10 |    12 |    22 ||    51
Block: Other             |       |       |     2 |     4 ||     6
       Reflection        |       |       |     1 |       ||     1
       Buckler           |       |       |       |    13 ||    13
